 Dungeon Crawl Stone Soup version 0.19-a0-916-g8ae7e35 (webtiles) character file.

148162 Implojin the Warrior (level 16, -1/139 HPs)
             Began as a Minotaur Fighter on July 5, 2016.
             Was a High Priest of Okawaru.
             Slain by a golden dragon (11 damage)
             ... on level 3 of the Depths.
             The game lasted 01:16:33 (7975 turns).

Implojin the Warrior (Minotaur Fighter)             Turns: 7975, Time: 01:16:35

Health: -1/139     AC: 26    Str: 28    XL:     16   Next: 29%
Magic:  19/21      EV: 20    Int:  5    God:    Okawaru [*****.]
Gold:   144        SH: 15    Dex: 18    Spells: 0 memorised, 15 levels left

rFire  + + .     SeeInvis .     L - +2 broad axe (flame)
rCold  . . .     Gourm    .     m - +0 fire dragon armour
rNeg   . . .     Faith    .     c - +0 shield
rPois  +         Spirit   .     Y - +1 hat
rElec  .         Dismiss  .     H - +2 cloak {rPois}
rCorr  .         Reflect  .     J - +2 pair of gloves
SustAt .         Harm     .     w - +2 pair of boots of Polytheism {Dex+3 Slay+2}
MR     +....                    a - amulet of regeneration
Stlth  +.........               v - +5 ring of strength
                                e - ring of protection from cold

@: about to teleport, heroism, very slightly contaminated, somewhat resistant to
hostile enchantments, very unstealthy
A: retaliatory headbutt, horns 2, frail 1, subdued magic 1
a: Heroism, Finesse, Renounce Religion
}: 2/15 runes: decaying, gossamer


You were on level 3 of the Depths.
You worshipped Okawaru.
Okawaru was extremely pleased with you.
You were not hungry.

You visited 7 branches of the dungeon, and saw 35 of its levels.

You collected 400 gold pieces.
You spent 256 gold pieces at shops.

Inventory:

Hand Weapons
 j - a +0 blowgun
 L - a +2 broad axe of flaming (weapon)
 S - a +3 broad axe
Missiles
 I - 11 curare-tipped needles
 M - 6 javelins of returning (quivered)
 Q - 2 tomahawks of dispersal
Armour
 c - a +0 shield (worn)
 m - a +0 fire dragon armour (worn)
 u - the +2 buckler of Least Resistance {rF+++ rN++ Slay-6, unknown}
   (Okawaru gifted it to you on level 3 of the Depths)

   It affects your accuracy and damage with ranged weapons and melee attacks
   (-6).
   It renders you almost immune to fire.
   It greatly protects you from negative energy.
 w - the +2 pair of boots of Polytheism (worn) {Dex+3 Slay+2}
   (Okawaru gifted it to you on level 4 of the Spider Nest)

   It affects your dexterity (+3).
   It affects your accuracy and damage with ranged weapons and melee attacks
   (+2).
 D - a +0 scale mail of positive energy
 G - a +0 plate armour
 H - a +2 cloak of poison resistance (worn)
 J - a +2 pair of gloves (worn)
 U - a +2 chain mail of cold resistance
 V - a storm dragon hide {Bai Suzhen}
 X - the +1 ring mail of a sewer {rC+ rN+}
   (Okawaru gifted it to you on level 5 of the Lair of Beasts)

   It protects you from cold.
   It protects you from negative energy.
 Y - a +1 hat (worn)
Jewellery
 a - an amulet of regeneration (around neck)
 e - a ring of protection from cold (left hand)
 i - an uncursed ring of resist corrosion
 n - an uncursed ring of fire
 p - an uncursed ring of protection from cold
 q - an uncursed ring of flight
 v - a +5 ring of strength (right hand)
 x - an uncursed amulet of rage {unknown}
 B - a +2 ring of intelligence
 Z - an uncursed amulet of faith {unknown}
Wands
 l - a wand of iceblast (7/15)
 y - a wand of disintegration (13/24)
 N - a wand of confusion (10/48)
 O - a wand of digging (7/24)
 R - a wand of acid (3/15)
 W - a wand of slowing (40/48)
Scrolls
 g - 5 scrolls of recharging
 k - a scroll of teleportation
 t - 5 scrolls of remove curse
 A - 2 scrolls of immolation
 T - 2 scrolls of torment
Potions
 b - a potion of resistance
 d - a potion of cure mutation
 r - 2 potions of flight
 s - 3 potions of brilliance
 z - a potion of agility
 E - a potion of invisibility
 F - 2 potions of ambrosia
 K - a potion of curing
Comestibles
 f - 7 bread rations
 h - 5 meat rations


   Skills:
 - Level 17.4(22.4) Fighting
 * Level 17.2(22.2) Axes
 - Level 13.0(18.0) Armour
 - Level 15.0(20.0) Dodging
 - Level 10.0(15.0) Shields
 - Level 8.1 Invocations


You had 15 spell levels left.
You didn't know any spells.

Dungeon Overview and Level Annotations

Branches:
Dungeon (15/15)            Temple (1/1) D:5            Lair (6/6) D:11
  Swamp (4/4) Lair:3       Spider (4/4) Lair:2        Slime (1/5) Lair:6
    Orc (0/2) D:11         Depths (4/5) D:15
 Vaults: D:13-14

Altars:
Ashenzari
Dithmenos
Fedhas
Hepliaklqana
Okawaru
Pakellas
Trog
Uskayaw
Vehumet
Xom
Zin
Jiyva

Shops:
D:6 :   D:12 *

Portals:
Pandemonium: Depths:4

Annotations:
Lair:3 Rupert
Swamp:4 exclusion: upstairs


Innate Abilities, Weirdness & Mutations

You reflexively headbutt those who attack you in melee.
You have a pair of horns on your head.
You are frail. (-10% HP)
Your spells are a little easier to cast, but a little less powerful.


Message History

The slime creature barely misses you. The golden dragon bites you.
The golden dragon claws you but does no damage.
The golden dragon misses you. The slime creature misses you.
You furiously retaliate!
You headbutt the slime creature!!
The spriggan defender hits you with a flail of holy wrath!
* * * LOW HITPOINT WARNING * * *
Unknown command.
Unknown command.
You gain the combat prowess of a mighty hero.
The juggernaut hits you!!
* * * LOW HITPOINT WARNING * * *
The juggernaut completely misses you.
The spriggan berserker rages.
You block the spark wasp's attack.
The spriggan defender completely misses you.
The spriggan rider hits you but does no damage.
The golden dragon bites you!
* * * LOW HITPOINT WARNING * * *
The golden dragon misses you. The golden dragon tramples you.
* * * LOW HITPOINT WARNING * * *
You hold your ground!
The slime creature hits you.
* * * LOW HITPOINT WARNING * * *
The golden dragon bites you!!
* * * LOW HITPOINT WARNING * * *
The golden dragon claws you but does no damage.
The golden dragon completely misses you.
You block the slime creature's attack.
The tengu warrior hits you but does no damage.
You block the tengu warrior's attack.
The tengu warrior completely misses you.
Unknown command.
Okay, then.
Okay, then.
The spark wasp completely misses you. You furiously retaliate!
You headbutt the spark wasp!
You block the spriggan defender's attack.
The spriggan rider misses you.
The brown ugly thing basks in the mutagenic energy from its kin and changes!
The golden dragon bites you!
You die... ....# .....#.# ###+### . ...#.# ##..u..## ...#.# #."Giuu.# ..#.# #.Jyiuu.# ####...# +yJ@Cii.+ .......# #iDDQJ..#

.......#
#.iihD[.#
.......#
##.H...##
#####'##
###+###
.###...#
.#.....##
.#......#
.#......##


You could see a juggernaut, 2 golden dragons, an ice dragon, a sphinx, 4
spriggan defenders, 5 ugly things, 2 spark wasps, 3 slime creatures, a spriggan
rider, a tengu warrior, 2 spriggan berserkers, a polar bear (berserk) and an eye
of draining.

Vanquished Creatures
  the Lernaean hydra (Swamp:4)
  Bai Suzhen (Swamp:4)
  An acid blob (Slime:1)
  A thorn hunter (Swamp:4)
  2 tengu reavers (Depths:1)
  An azure jelly (Slime:1)
  A frost giant (D:15)
  3 ghost moths (Spider:4)
  5 emperor scorpions
  Aizul (Swamp:4)
  The ghost of rikpant the Bludgeoner, a journeyman GrFi of Pakellas (Depths:1)
  A stone giant (Depths:3)
  5 very ugly things
  An entropy weaver (Spider:2)
  4 spark wasps
  An ettin (Depths:1)
  An ogre mage (D:15)
  2 fire dragons
  The ghost of ImbarsBidbib the Earth Mage, a journeyman GrEE of Vehumet (Lair:2)
  A yaktaur captain (Depths:3)
  9 hydras
  An ice dragon (Depths:1)
  3 centaur warriors
  4 alligators
  4 tengu warriors (Depths:1)
  4 spriggans (Swamp:3)
  A storm dragon skeleton (Depths:1)
  An iron troll (Depths:3)
  A golden dragon zombie (Depths:1)
  2 deep trolls (Depths:3)
  14 swamp dragons
  3 hill giants
  A necromancer (Depths:1)
  2 harpies (Depths:1)
  An iron dragon zombie (Depths:1)
  5 ugly things
  11 wolf spiders
  8 orb spiders
  2 phantasmal warriors (Depths:3)
  A cyclops (shapeshifter) (D:15)
  A manticore (D:15)
  2 cyclopes
  4 hornets (Spider:4)
  A hornet (shapeshifter) (D:15)
  A moth of wrath (Spider:4)
  A stone giant zombie (Depths:1)
  2 griffons (Lair:5)
  2 black mambas
  8 spiny frogs
  A kobold demonologist (D:15)
  2 rime drakes
  5 komodo dragons
  5 yaktaurs
  An efreet (D:15)
  3 demonic crawlers
  An ice devil (Lair:3)
  The ghost of CarinaFLARP the Ducker, an amateur DrAK of Lugonu (D:5)
  10 jumping spiders
  4 polar bears
  3 giant leeches (Swamp:4)
  4 two-headed ogres (D:15)
  A bog body (Swamp:2)
  13 slime creatures (Slime:1)
  An ettin zombie (Depths:1)
  7 blink frogs
  6 tarantellas
  Sigmund (D:2)
  3 shadows
  A vampire (D:15)
  A spriggan (shapeshifter) (Depths:1)
  25 redbacks
  20 yaks
  A human (shapeshifter) (D:15)
  2 wyverns
  2 basilisks
  2 hippogriffs (Lair:2)
  8 vampire mosquitoes
  2 hungry ghosts
  3 insubstantial wisps (Swamp:4)
  6 water moccasins
  A water moccasin (shapeshifter) (Depths:1)
  7 porcupines
  8 swamp worms
  10 swamp drakes
  3 sky beasts
  2 orc warriors (D:11)
  A sky beast (shapeshifter) (D:15)
  8 wasps
  A black bear (Lair:4)
  A necrophage (D:9)
  3 eyes of draining
  3 wolves (Lair:4)
  2 ogres
  8 centaurs
  4 crocodiles
  4 big kobolds
  4 giant frogs
  2 scorpions
  3 killer bees (D:7)
  2 electric eels
  4 crimson imps
  A giant frog zombie (D:6)
  7 orc priests
  A centaur skeleton (D:6)
  4 hounds
  A jelly (D:11)
  7 orc wizards
  6 iguanas
  2 worker ants
  4 sheep
  A hound zombie (D:7)
  2 worker ant zombies
  12 adders
  26 river rats
  2 shadow imps
  An adder zombie (D:9)
  2 worms
  A dart slug (D:3)
  44 orcs
  4 giant cockroaches
  2 goblins
  2 hobgoblins
  3 jackals (D:4)
  2 quokkas
  A giant gecko skeleton (D:4)
  2 giant newts
  A jackal skeleton (D:6)
  16 kobolds
  2 rats
520 creatures vanquished.

Vanquished Creatures (others)
  2 blink frogs (Lair:5)
  A river rat (Lair:6)
  A bush (Lair:5)
  3 fungi
  7 plants
14 creatures vanquished.

Grand Total: 534 creatures vanquished

Notes
Turn   | Place    | Note
-------+----------+-------------------------------------------
     0 | D:1      | Implojin the Minotaur Fighter began the quest for the Orb.
     0 | D:1      | Reached XP level 1. HP: 19/19 MP: 0/0
    56 | D:1      | Reached skill level 3 in Axes
   112 | D:2      | Reached XP level 2. HP: 24/26 MP: 1/1
   183 | D:2      | Found a shadowy altar of Dithmenos.
   202 | D:2      | Noticed Sigmund
   208 | D:2      | Killed Sigmund
   208 | D:2      | Reached skill level 6 in Axes
   208 | D:2      | Reached XP level 3. HP: 19/31 MP: 2/2
   208 | D:2      | Reached XP level 4. HP: 25/39 MP: 3/3
   208 | D:2      | Reached XP level 5. HP: 28/45 MP: 4/4
   378 | D:4      | Reached skill level 7 in Axes
   403 | D:5      | Entered Level 5 of the Dungeon
   514 | D:6      | Noticed an ogre
   608 | D:5      | Noticed a centaur
   613 | D:5      | Killed a centaur
   613 | D:5      | Reached skill level 8 in Axes
   613 | D:5      | Reached XP level 6. HP: 40/51 MP: 5/5
   706 | D:5      | Noticed a sky beast
   727 | D:5      | Killed a sky beast
   864 | D:6      | Reached skill level 9 in Axes
   884 | D:6      | Reached XP level 7. HP: 48/57 MP: 6/6
   977 | D:7      | Reached skill level 10 in Axes
   982 | D:7      | Reached skill level 4 in Fighting
  1029 | D:6      | Found a bloodstained altar of Trog.
  1040 | D:6      | Reached skill level 5 in Fighting
  1104 | D:7      | Reached skill level 6 in Fighting
  1150 | D:7      | Reached XP level 8. HP: 31/71 MP: 7/7
  1292 | D:6      | Reached skill level 7 in Fighting
  1442 | D:6      | Found Ximuk's Book Boutique.
  1525 | D:5      | Noticed CarinaFLARP's ghost (amateur DrAK)
  1539 | D:5      | Killed CarinaFLARP's ghost
  1539 | D:5      | Reached skill level 9 in Fighting
  1555 | D:5      | Found a staircase to the Ecumenical Temple.
  1559 | Temple   | Entered the Ecumenical Temple
  1576 | Temple   | Became a worshipper of Warmaster Okawaru
  1809 | D:9      | Reached skill level 10 in Fighting
  1864 | D:10     | Entered Level 10 of the Dungeon
  1872 | D:10     | Reached * piety under Okawaru
  1915 | D:9      | Reached XP level 9. HP: 53/85 MP: 5/8
  1918 | D:9      | Reached skill level 11 in Axes
  1933 | D:9      | Reached ** piety under Okawaru
  1933 | D:9      | Reached skill level 12 in Axes
  1979 | D:9      | Noticed a troll
  2122 | D:11     | Noticed a brown ugly thing
  2132 | D:11     | Killed a brown ugly thing
  2132 | D:11     | Reached skill level 11 in Fighting
  2165 | D:12     | Noticed a brown ugly thing
  2173 | D:12     | Killed a brown ugly thing
  2173 | D:12     | Reached skill level 12 in Fighting
  2188 | D:11     | Reached *** piety under Okawaru
  2202 | D:11     | Reached skill level 1 in Invocations
  2202 | D:11     | Reached XP level 10. HP: 81/97 MP: 6/10
  2217 | D:11     | Reached skill level 2 in Invocations
  2226 | D:11     | Found a staircase to the Orcish Mines.
  2295 | D:11     | Reached skill level 3 in Invocations
  2343 | D:11     | Found a staircase to the Lair.
  2351 | D:11     | Noticed a hill giant
  2357 | D:11     | Killed a hill giant
  2357 | D:11     | Reached skill level 4 in Invocations
  2432 | Lair:1   | Entered Level 1 of the Lair of Beasts
  2432 | Lair:1   | Noticed a spiny frog
  2440 | Lair:1   | Killed a spiny frog
  2440 | Lair:1   | Reached skill level 5 in Invocations
  2445 | Lair:1   | Reached skill level 6 in Invocations
  2448 | Lair:1   | Reached skill level 4 in Shields
  2459 | Lair:1   | Reached skill level 5 in Shields
  2460 | Lair:1   | Reached **** piety under Okawaru
  2473 | Lair:2   | Noticed ImbarsBidbib's ghost (journeyman GrEE)
  2485 | Lair:2   | Killed ImbarsBidbib's ghost
  2485 | Lair:2   | Reached skill level 7 in Shields
  2486 | Lair:2   | Noticed a spiny frog
  2492 | Lair:2   | Killed a spiny frog
  2492 | Lair:2   | Reached skill level 8 in Shields
  2586 | Lair:2   | Received a gift from Okawaru
  2611 | Lair:3   | Noticed Rupert
  2656 | Lair:3   | Noticed an eight-headed hydra
  2672 | Lair:3   | Reached skill level 9 in Shields
  2672 | Lair:3   | Reached XP level 11. HP: 47/104 MP: 11/14
  2677 | Lair:3   | Reached skill level 1 in Dodging
  2681 | Lair:3   | Reached skill level 2 in Dodging
  2691 | Lair:3   | Killed a ten-headed hydra
  2691 | Lair:3   | Reached skill level 4 in Dodging
  2701 | Lair:3   | Reached ***** piety under Okawaru
  2703 | Lair:3   | Reached skill level 5 in Dodging
  2717 | Lair:3   | Found a frozen archway.
  2798 | Lair:2   | Reached skill level 6 in Dodging
  2947 | Lair:2   | Reached skill level 10 in Shields
  3047 | Lair:3   | Reached skill level 7 in Dodging
  3175 | Lair:4   | Reached skill level 8 in Dodging
  3220 | Lair:4   | Received a gift from Okawaru
  3294 | Lair:4   | Reached skill level 9 in Dodging
  3506 | Lair:3   | Found a staircase to the Swamp.
  3543 | Swamp:1  | Entered Level 1 of the Swamp
  3581 | Swamp:1  | Noticed an alligator
  3590 | Swamp:1  | Killed an alligator
  3616 | Swamp:1  | Reached skill level 10 in Dodging
  3616 | Swamp:1  | Reached XP level 12. HP: 94/112 MP: 15/15
  3734 | Swamp:2  | Noticed a red very ugly thing
  3744 | Swamp:2  | Killed a red very ugly thing
  3744 | Swamp:2  | Reached skill level 7 in Invocations
  3772 | Swamp:2  | Noticed an alligator
  3776 | Swamp:2  | Noticed an alligator
  3786 | Swamp:2  | Killed an alligator
  3792 | Swamp:2  | Killed an alligator
  3792 | Swamp:2  | Reached skill level 8 in Invocations
  3867 | Swamp:2  | Noticed an alligator
  3876 | Swamp:2  | Killed an alligator
  3891 | Swamp:3  | Reached skill level 11 in Dodging
  3930 | Swamp:4  | Entered Level 4 of the Swamp
  3958 | Swamp:4  | Reached skill level 12 in Dodging
  3963 | Swamp:4  | Reached skill level 4 in Armour
  4000 | Swamp:4  | Noticed a thorn hunter
  4014 | Swamp:4  | Killed a thorn hunter
  4014 | Swamp:4  | Reached skill level 6 in Armour
  4016 | Swamp:3  | Noticed a seven-headed hydra
  4118 | Swamp:4  | Noticed Bai Suzhen
  4137 | Swamp:4  | Killed Bai Suzhen
  4137 | Swamp:4  | Received a gift from Okawaru
  4137 | Swamp:4  | Reached skill level 9 in Armour
  4137 | Swamp:4  | Reached XP level 13. HP: 91/118 MP: 11/18
  4144 | Swamp:4  | Reached ****** piety under Okawaru
  4153 | Swamp:4  | Received a gift from Okawaru
  4159 | Swamp:4  | Noticed Aizul
  4234 | Swamp:4  | Reached skill level 10 in Armour
  4246 | Swamp:4  | Killed Aizul
  4255 | Swamp:4  | Reached skill level 11 in Armour
  4317 | Swamp:4  | Noticed the 27-headed Lernaean hydra
  4455 | Swamp:4  | Killed the 20-headed Lernaean hydra
  4455 | Swamp:4  | Received a gift from Okawaru
  4455 | Swamp:4  | Reached skill level 12 in Armour
  4492 | Swamp:4  | Reached skill level 13 in Armour
  4532 | Swamp:4  | Received a gift from Okawaru
  4549 | Swamp:4  | Reached skill level 13 in Dodging
  4649 | Swamp:4  | Reached XP level 14. HP: 88/126 MP: 17/19
  4656 | Swamp:4  | Got a decaying rune of Zot
  4764 | Swamp:2  | Reached skill level 14 in Dodging
  4801 | Lair:3   | Paralysed by Rupert for 2 turns
  4806 | Lair:3   | Paralysed by Rupert for 5 turns
  5087 | Lair:5   | Received a gift from Okawaru
  5089 | Lair:5   | Got a crude ring mail {god gift}
  5137 | Lair:4   | Identified the +1 ring mail of a sewer {rC+ rN+} (Okawaru gifted it to you on level 5 of the Lair of Beasts)
  5285 | Lair:2   | Found a hole to the Spider Nest.
  5305 | Spider:1 | Entered Level 1 of the Spider Nest
  5355 | Spider:2 | Noticed an entropy weaver
  5358 | Spider:2 | Noticed an emperor scorpion
  5365 | Spider:2 | Killed an entropy weaver
  5366 | Spider:2 | Reached skill level 15 in Dodging
  5386 | Spider:2 | Killed an emperor scorpion
  5464 | Spider:3 | Noticed an entropy weaver
  5514 | Spider:4 | Entered Level 4 of the Spider Nest
  5550 | Spider:4 | Reached skill level 13 in Axes
  5611 | Spider:4 | Noticed an emperor scorpion
  5629 | Spider:4 | Killed an emperor scorpion
  5644 | Spider:4 | Reached skill level 14 in Axes
  5676 | Spider:4 | Received a gift from Okawaru
  5853 | Spider:4 | Killed a ghost moth
  5853 | Spider:4 | Reached skill level 15 in Axes
  5983 | Spider:4 | Noticed an emperor scorpion
  5983 | Spider:4 | Noticed an emperor scorpion
  5984 | Spider:4 | Noticed an emperor scorpion
  6004 | Spider:4 | Killed an emperor scorpion
  6014 | Spider:4 | Killed an emperor scorpion
  6038 | Spider:4 | Reached XP level 15. HP: 79/133 MP: 1/20
  6041 | Spider:4 | Reached skill level 16 in Axes
  6050 | Spider:4 | Killed a ghost moth
  6050 | Spider:4 | Received a gift from Okawaru
  6061 | Spider:4 | Killed a ghost moth
  6064 | Spider:4 | Got a pair of heavily runed boots {god gift}
  6078 | Spider:4 | Got a gossamer rune of Zot
  6103 | Spider:4 | Identified the +2 pair of boots of Polytheism {Dex+3 Slay+2} (Okawaru gifted it to you on level 4 of the Spider Nest)
  6379 | Lair:5   | Reached skill level 13 in Fighting
  6426 | Lair:6   | Entered Level 6 of the Lair of Beasts
  6505 | Lair:6   | Found a viscous altar of Jiyva.
  6506 | Lair:6   | Found a staircase to the Slime Pits.
  6512 | Slime:1  | Entered Level 1 of the Pits of Slime
  6560 | Slime:1  | Noticed an acid blob
  6560 | Slime:1  | Noticed an azure jelly
  6571 | Slime:1  | Killed an azure jelly
  6572 | Slime:1  | HP: 4/137 [acid (8)]
  6575 | Slime:1  | Killed an acid blob
  6575 | Slime:1  | Reached skill level 14 in Fighting
  6800 | D:12     | Found Vuklum's Assorted Antiques.
  6812 | D:12     | Bought a runed gold wand for 128 gold pieces
  6812 | D:12     | Bought a copper wand for 128 gold pieces
  6909 | D:13     | Found an oddly glowing altar of Pakellas.
  7008 | D:15     | Entered Level 15 of the Dungeon
  7129 | D:15     | Reached skill level 15 in Fighting
  7239 | D:15     | Found a staircase to the Depths.
  7239 | D:15     | Noticed a frost giant
  7244 | D:15     | Killed a frost giant
  7244 | D:15     | Received a gift from Okawaru
  7255 | Depths:1 | Entered Level 1 of the Depths
  7280 | Depths:1 | Noticed rikpant's ghost (journeyman GrFi)
  7360 | Depths:1 | Killed rikpant's ghost
  7360 | Depths:1 | Received a gift from Okawaru
  7365 | Depths:1 | Reached skill level 16 in Fighting
  7476 | Depths:1 | Noticed a tengu reaver
  7482 | Depths:1 | Noticed a tengu reaver
  7488 | Depths:1 | Killed a tengu reaver
  7494 | Depths:1 | Reached skill level 17 in Fighting
  7509 | Depths:1 | Killed a tengu reaver
  7509 | Depths:1 | Reached XP level 16. HP: 98/155 MP: 15/21
  7703 | Depths:3 | Received a gift from Okawaru
  7704 | Depths:3 | Got a spiked buckler {god gift}
  7832 | Depths:2 | Gained mutation: Your spells are a little easier to cast, but a little less powerful. [mutagenic glow]
  7880 | Depths:2 | Gained mutation: You are frail. (-10% HP) [mutagenic glow]
  7903 | Depths:3 | Reached skill level 17 in Axes
  7955 | Depths:4 | Found a one-way gate leading to the halls of Pandemonium.
  7972 | Depths:3 | Noticed a golden dragon
  7972 | Depths:3 | Noticed a golden dragon
  7972 | Depths:3 | Noticed a sphinx
  7972 | Depths:3 | Noticed a juggernaut
  7975 | Depths:3 | Slain by a golden dragon

Vault maps used:
D:1:      evilmike_arrival_crescent, serial_bayou_pond_e
D:2:      grunt_dithmenos_smoke_and_mirrors, uniq_iyjb, uniq_sigmund
D:4:      first_bread, uniq_robin
D:6:      basic_altar, serial_shops, nicolae_shop_temple_entry_statues_fountains
D:7:      basic_altar
D:8:      nemelex_xobeh_ov_fountains_minmay, the_bakery
D:9:      uniq_joseph
D:11:     lair_0_dummy, hiddenorc2_lemuel, nicolae_trove_entry_crystal
D:12:     serial_shops, kennysheep_little_box, nicolae_shop_stone, shop,
          nicolae_shop_waterfront, shop_fountains, kennysheep_generic_room_10,
          uniq_sonja
D:13:     grunt_pakellas_sulfur
D:14:     grunt_vaults_entry_fortified
D:15:     grunt_enter_depths_snipers, minmay_bent
Temple:   nicolae_temple_the_god_donut
Lair:2:   minmay_guarded_unrand_snakebite, spider_nest_entry_funnel_web,
          infiniplex_staircase_pool
Lair:3:   swamp_mist_pool, portal_ice_cave_demonic_guard, st_stairs_7,
          roderic_lost_polar_bear, uniq_rupert
Lair:4:   forest_entry_grove, grunt_megastairs_2, serial_bayou_shore_a
Lair:5:   minmay_lair_venomous_thicket, lemuel_old_faithful, uniq_maud
Lair:6:   due_jungle_book, dpeg_slime_entry_enclosed_altar
Swamp:1:  evilmike_swamp_ruin_house_4, swamp_pool5
Swamp:2:  evilmike_swamp_ruin_wall
Swamp:3:  evilmike_swamp_ruin_house_5, swamp_pool3
Swamp:4:  swamp_old_school, swamp_pool2, uniq_aizul, uniq_bai_suzhen
Spider:3: nicolae_spider_cling_ruins
Spider:4: spider_rune_water
Slime:1:  basic_altar, nicolae_slime_phagocytosis
Depths:1: enter_ziggurat_c, hell_entry, minivault_11, minmay_misc_feat_room,
          spider_trap, grunt_ministairs_10, hangedman_aviary
Depths:2: hangedman_cross_cluster, minmay_misc_feat_rows, pf_coc_iceberg,
          infiniplex_staircase_pillars_1, serial_bayou_shore_b
Depths:3: grunt_deathspiral_small, grunt_pan_entry_sceptre,
          pf_hell_entry_tar_spiral
Depths:4: minmay_smoke_and_mirrors, grunt_hell_entry_dis_grunt,
          grunt_pan_entry_spiral, hangedman_decor_lopped, abyss_entry_crystal,
          special_room, minmay_staircase_statues

Skill      XL: |  1  2  3  4  5  6  7  8  9 10 11 12 13 14 15 16 |
---------------+-------------------------------------------------+-----
Axes           | 3 6 8 9 10 12 15 16 17 | 17.2
Fighting       | 6 10 12 17 | 17.4
Invocations    | 1 6 8 |  8.1
Shields        | 9 10 | 10.0
Dodging        | 10 12 13 15 | 15.0
Armour         | 9 13 | 13.0

Action                   |  1- 3 |  4- 6 |  7- 9 | 10-12 | 13-15 | 16-18 || total
-------------------------+-------+-------+-------+-------+-------+-------++-------
Melee: War axe           |    23 |    93 |   225 |   177 |       |       ||   518
       Headbutt          |     2 |    23 |    39 |    88 |   256 |    29 ||   437
       Broad axe         |       |       |       |   162 |   755 |    76 ||   993
       Unarmed           |       |       |       |       |    30 |       ||    30
Throw: Javelin           |       |       |       |       |     2 |       ||     2
Invok: Heroism           |       |       |     6 |    28 |    33 |     4 ||    71
       Finesse           |       |       |       |     2 |    14 |     2 ||    18
Evoke: Wand              |       |       |       |       |     1 |     1 ||     2
  Use: Potion            |     1 |       |     3 |     2 |     8 |     3 ||    17
       Scroll            |       |     1 |     6 |    14 |    12 |     1 ||    34
 Stab: Confused          |       |       |       |     1 |       |       ||     1
       Invisible         |       |       |       |       |     4 |       ||     4
  Eat: Chunk             |       |       |     5 |     3 |       |       ||     8
       Beef jerky        |       |       |     1 |     2 |       |       ||     3
       Pizza             |       |       |       |     1 |       |       ||     1
       Bread ration      |       |       |       |       |     1 |       ||     1
       Meat ration       |       |       |       |       |     2 |       ||     2
Armor: Scale mail        |     9 |    39 |    70 |    13 |       |       ||   131
       Plate armour      |       |       |       |    89 |   360 |       ||   449
       Chain mail        |       |       |       |     2 |       |       ||     2
       Fire dragon armou |       |       |       |       |    13 |    25 ||    38
Dodge: Dodged            |     7 |    20 |    47 |   107 |   556 |    55 ||   792
Block: Shield            |    13 |    42 |    84 |   185 |   615 |    51 ||   990

Table legend:
 A = Turns spent in this place as a percentage of turns spent in the entire game.
 B = Non-inter-level travel turns spent in this place as a percentage of non-inter-level travel turns spent in the entire game.
 C = Inter-level travel turns spent in this place as a percentage of turns spent in this place.
 D = Turns resting spent in this place as a percentage of non-inter-level travel turns spent in this place.
 E = Turns spent auto-exploring this place as a percentage of non-inter-level travel turns spent in this place.
 F = Non-inter-level travel turns spent in this place divided by the number of levels of this place that you've seen.
                   A       B       C       D       E      F
               +-------+-------+-------+-------+-------+----------------------
         Total | 100.0 | 100.0 |   0.0 |   0.3 |   0.0 | 237.1
       Dungeon |  35.5 |  35.5 |   0.0 |   0.1 |   0.0 | 196.5
        Temple |   0.4 |   0.4 |   0.0 |   0.0 |   0.0 |  32.0
          Lair |  25.0 |  25.0 |   0.0 |   0.0 |   0.0 | 345.2
         Swamp |  16.4 |  16.4 |   0.0 |   0.4 |   0.0 | 340.0
   Spider Nest |  12.8 |  12.8 |   0.0 |   0.6 |   0.0 | 265.8
    Slime Pits |   1.8 |   1.8 |   0.0 |   0.0 |   0.0 | 152.0
        Depths |   8.1 |   8.1 |   0.0 |   1.2 |   0.0 | 168.2
               +-------+-------+-------+-------+-------+----------------------

Table legend:
 A = Kills in this place as a percentage of kills in entire the game.
 B = Kills by you in this place as a percentage of kills by you in the entire game.
 C = Kills by friends in this place as a percentage of kills by friends in the entire game.
 D = Other kills in this place as a percentage of other kills in the entire game.
 E = Experience gained in this place as a percentage of experience gained in the entire game.
 F = Experience gained in this place divided by the number of levels of this place that you have seen.
                   A       B       C       D       E      F
               +-------+-------+-------+-------+-------+----------------------
         Total | 100.0 | 100.0 |  -nan |  -nan | 100.0 | 4904.6
       Dungeon |  36.2 |  36.2 |  -nan |  -nan |  11.7 | 1341.9
          Lair |  22.1 |  22.1 |  -nan |  -nan |  12.5 | 3564.5
         Swamp |  14.8 |  14.8 |  -nan |  -nan |  26.5 | 11385.0
   Spider Nest |  14.6 |  14.6 |  -nan |  -nan |  22.6 | 9705.0
    Slime Pits |   3.3 |   3.3 |  -nan |  -nan |   4.7 | 8018.0
        Depths |   9.0 |   9.0 |  -nan |  -nan |  22.0 | 9441.8
               +-------+-------+-------+-------+-------+----------------------
